 Dungeon Crawl Stone Soup version 0.22-a0-246-gdc04c06 (webtiles) character file.

191 KristoblXynda the Ruffian (level 5, -5/47 HPs)
             Began as a Draconian Monk on Feb 22, 2018.
             Slain by an ogre
             ... wielding a +0 giant spiked club
              (12 damage)
             ... on level 4 of the Dungeon.
             The game lasted 00:07:30 (3676 turns).

KristoblXynda the Ruffian (Draconian Monk)          Turns: 3676, Time: 00:07:31

Health: -5/47      AC:  5    Str: 14    XL:     5   Next: 42%
Magic:  5/5        EV: 13    Int: 11    God:
Gold:   155        SH:  0    Dex: 13    Spells: 4/4 levels left

rFire    . . .     SeeInvis .     - Unarmed
rCold    . . .     Gourm    .   (no shield)
rNeg     . . .     Faith    .   (armour unavailable)
rPois    .         Spirit   .   (helmet restricted)
rElec    .         Reflect  .   (no cloak)
rCorr    .         Harm     .   (no gloves)
MR       .....                  (no boots)
Stlth    ++........             (no amulet)
HPRegen  0.15/turn              (no ring)
MPRegen  0.09/turn              (no ring)

@: about to teleport
A: unfitting armour, cold-blooded, AC +5
a: no special abilities


You were on level 4 of the Dungeon.
You were not hungry.

You visited 1 branch of the dungeon, and saw 4 of its levels.

You collected 155 gold pieces.

Inventory:

Scrolls
 b - 3 scrolls of remove curse
 c - a scroll of noise {unknown}
 d - 2 scrolls of identify
 f - 2 scrolls of teleportation
 g - 2 scrolls of fog
 i - 2 scrolls of amnesia {unknown}
 k - a scroll of immolation {unknown}
 l - a scroll of magic mapping {unknown}
 m - a scroll of enchant weapon {unknown}
 n - a scroll of fear {unknown}
Potions
 e - 4 potions of resistance
 j - a potion of lignification
Comestibles
 a - 10 rations
 o - 2 chunks of flesh


   Skills:
 + Level 4.4 Fighting
 + Level 3.6 Dodging
 - Level 1.7 Stealth
 * Level 4.9 Unarmed Combat


You had 4 spell levels left.
You didn't know any spells.

Dungeon Overview and Level Annotations

Branches:
Dungeon (4/15)
 Temple: D:4-7

Altars:
Fedhas
Makhleb
Qazlal
Sif Muna
Trog
Vehumet


Innate Abilities, Weirdness & Mutations

Your plain brown scales are hard. (AC +5)
You cannot fit into any form of body armour.
You are cold-blooded and may be slowed by cold attacks.


Message History

You hit the ogre.
The ogre is moderately wounded.
The ogre hits you with a giant spiked club!!
You hit the ogre but do no damage.
The ogre is moderately wounded.
You completely miss the ogre.
The ogre is moderately wounded.
The ogre completely misses you.
You hit the ogre.
The ogre is heavily wounded.
The ogre hits you with a giant spiked club!
* * * LOW HITPOINT WARNING * * *
You feel better.
You feel better.
The ogre hits you with a giant spiked club!
* * * LOW HITPOINT WARNING * * *
As you read the scroll of teleportation, it crumbles to dust.
You feel strangely unstable.
The ogre hits you with a giant spiked club!
You die...

#.# #....# #.....
#.# #....# #.....
#.# ##....####....
#.# #........#....
#.###........#....
#.#...............
#.#.#...........##
#.#.#...##......##
#@#.#...##......##
#O#.#...##......##
#.#.#...##........
#.#.#...###.....#.
#.#..........####.
#.###..........###
#.# #..........# #
#.# #..........###
#.# #.....##.#....


You could see an ogre.

Vanquished Creatures
  Terence (D:3)
  6 adders
  An adder skeleton (D:4)
  12 dart slugs
  2 worms
  3 leopard geckos
  7 orcs
  2 ball pythons (D:1)
  A giant cockroach (D:1)
  2 goblins (D:1)
  6 hobgoblins (D:1)
  9 jackals (D:1)
  2 quokkas
  6 bats
  3 frilled lizards
  8 kobolds
  5 rats
76 creatures vanquished.

Notes
Turn   | Place    | Note
-------+----------+-------------------------------------------
     0 | D:1      | KristoblXynda the Draconian Monk began the quest for the Orb.
     0 | D:1      | Reached XP level 1. HP: 19/19 MP: 1/1
    77 | D:1      | Reached XP level 2. HP: 25/26 MP: 2/2
   342 | D:1      | Reached XP level 3. HP: 22/31 MP: 3/3
   583 | D:1      | You fall through a shaft!
   884 | D:2      | Found a bloodstained altar of Trog.
   886 | D:2      | Found a deep blue altar of Sif Muna.
  1057 | D:2      | Reached XP level 4. HP: 40/40 MP: 4/4
  1406 | D:2      | Found a blossoming altar of Fedhas.
  1406 | D:2      | Found a burning altar of Makhleb.
  1408 | D:2      | Found a stormy altar of Qazlal.
  2030 | D:3      | Found a radiant altar of Vehumet.
  2297 | D:3      | Found a faded altar of an unknown god.
  2365 | D:3      | Noticed Terence
  2377 | D:3      | Killed Terence
  2377 | D:3      | Reached XP level 5. HP: 30/46 MP: 5/5
  3654 | D:4      | Noticed an ogre
  3676 | D:4      | Slain by an ogre

Vault maps used:
D:1:      minmay_arrival_open_corners
D:2:      nicolae_overflow_hidden_temple, minivault_25
D:3:      kennysheep_slugbush, overflow_temple_1_default, first_ration,
          chequers_ecumenical_altar_simple, minmay_misc_feat_hallway,
          uniq_terence

Skill      XL: |  1  2  3  4 |
---------------+-------------+-----
Dodging        | 3 |  3.6
Unarmed Combat | 4 |  4.9
Fighting       | 4 |  4.4
Stealth        | |  1.7

Action                   |  1- 3 |  4- 6 || total
-------------------------+-------+-------++-------
Melee: Unarmed           |   148 |   150 ||   298
       Tailslap          |    14 |    13 ||    27
       Punch             |     3 |     1 ||     4
  Use: Scroll            |       |     7 ||     7
       Potion            |       |     3 ||     3
 Stab: Sleeping          |     1 |       ||     1
  Eat: Chunk             |     1 |     2 ||     3
       Ration            |       |     2 ||     2
Armor: Skin              |    39 |    44 ||    83
Dodge: Dodged            |   105 |   108 ||   213

Table legend:
 A = Spawn XP
 B = Non-spawn XP
 C = Spawn XP percentage of total XP
 D = Spawn monster count
 E = Non-spawn monster count
 F = Spawn count percentage of total count
 G = Total turns spent on level
                    A         B        C        D         E        F      G
               +---------+---------+-------+---------+---------+-------+---------
         Total |       0 |     274 |   0.0 |       0 |      76 |   0.0 |  3676
               +---------+---------+-------+---------+---------+-------+---------
           D:1 |       0 |      61 |   0.0 |       0 |      34 |   0.0 |   795
           D:2 |       0 |      56 |   0.0 |       0 |       8 |   0.0 |  1208
           D:3 |       0 |     123 |   0.0 |       0 |      27 |   0.0 |  1159
           D:4 |       0 |      34 |   0.0 |       0 |       7 |   0.0 |   514
               +---------+---------+-------+---------+---------+-------+---------
